 Dungeon Crawl Stone Soup version 0.26.1-11-gd32895ea62 (webtiles) character file.

Game seed: 12663597670340335044

39 kodamatunes15 the Bolt Thrower (level 3, 0/31 HPs)
             Began as a Deep Dwarf Arcane Marksman on May 1, 2021.
             Slain by a leopard gecko (2 damage)
             ... on level 2 of the Dungeon.
             The game lasted 00:10:10 (951 turns).

kodamatunes15 the Bolt Thrower (DDAM)                Turns: 951, Time: 00:10:11

Health: 0/31       AC:  5    Str: 13    XL:     3   Next: 26%
Magic:  4/4        EV: 11    Int: 13    God:
Gold:   40         SH:  0    Dex: 14    Spells: 3/4 levels left

rFire    . . .     SeeInvis .   j - +0 short sword
rCold    . . .     Faith    .   (no shield)
rNeg     . . .     Spirit   .   g - +0 ring mail
rPois    .         Reflect  .   (no helmet)
rElec    .         Harm     .   (no cloak)
rCorr    .         Rampage  .   (no gloves)
Will     .....                  (no boots)
Stlth    +.........             (no amulet)
HPRegen  0.00/turn              (no ring)
MPRegen  0.09/turn              (no ring)

@: non-regenerating
A: damage resistance, heal wounds, sense surroundings 1, no regeneration
a: Heal Wounds


You were on level 2 of the Dungeon.
You visited 1 branch of the dungeon, and saw 2 of its levels.

You collected 40 gold pieces.

Inventory:

Hand Weapons
 a - a +0 hand crossbow
 b - a +0 whip
 h - a cursed +0 dagger
 j - a +0 short sword (weapon)
Missiles
 c - 65 stones (quivered)
 d - 18 bolts
Armour
 e - a +0 robe
 g - a +0 ring mail (worn)
Scrolls
 i - a scroll of remove curse
Potions
 f - a potion of degeneration {unknown}


   Skills:
 + Level 1.2 Fighting
 + Level 0.2 Maces & Flails
 + Level 2.9 Crossbows
 + Level 2.7 Dodging
 + Level 1.1 Spellcasting
 + Level 2.7 Hexes


You had 3 spell levels left.
You knew the following spells:

 Your Spells              Type           Power        Failure   Level
a - Corona                Hex            7%           21%         1

Your spell library contained the following spells:

 Spells                   Type           Power        Failure   Level
 Slow                     Hex            7%           30%         2
 Inner Flame              Hex/Fire       4%           71%         3
 Portal Projectile        Hex/Tloc       8%           71%         3
 Cause Fear               Hex            3%           89%         4
 Leda's Liquefaction      Hex/Erth       2%           98%         4


Dungeon Overview and Level Annotations

Branches:
Dungeon (2/15)

Altars:


Innate Abilities, Weirdness & Mutations

You are resistant to damage.
You can heal yourself by infusing magical energy.
You passively map a small area around you.
You do not regenerate.


Message History

Press: ? - help, Q - select action, (/) - cycle Shift-Dir - straight line, f/p - bat
Aim: a bat (heavily wounded, 50% to hit)
You shoot a bolt. The bolt hits the bat!
You kill the bat!
d - 17 bolts (gained 1)
A leopard gecko and an adder come into view.
The adder hisses angrily.
The leopard gecko hisses angrily.
You see here a bolt.
You see here 2 bolts.
You see here a bolt.
d - 18 bolts (gained 1)
The adder bites you.
* * * LOW HITPOINT WARNING * * *
Unknown command.
j - a +0 short sword (weapon)
The leopard gecko barely misses you.
You hit the adder.
The adder is lightly wounded.
The adder barely misses you. The leopard gecko bites you.
You die...

, , ,, > * ,#.#,*
** , , , ,#.# , ,
#.#* ** * * * * *
#.########.. ,, .##
* #.##<....... ,
...(####.##.#####..
, ......l#.##.# # *
##...S@(##.#.###.
........(..........
, ,
##......##(.#......
#.............$....
...............<...
#.....#.##..#..####
##...#...#.......,
,
##.##.........###*
#. ... >.##.##


You could see an adder and a leopard gecko.

Vanquished Creatures
  An adder (D:2)
  3 giant cockroaches (D:1)
  2 goblins (D:1)
  2 hobgoblins (D:1)
  8 jackals (D:1)
  2 kobolds (D:1)
  6 bats
  A frilled lizard (D:1)
  A rat (D:1)
26 creatures vanquished.

Notes
Turn   | Place    | Note
-------+----------+-------------------------------------------
     0 | D:1      | kodamatunes15 the Deep Dwarf Arcane Marksman began the
                  | quest for the Orb.
     0 | D:1      | Reached XP level 1. HP: 16/16 MP: 2/2
   114 | D:1      | Reached XP level 2. HP: 15/24 MP: 3/3
   127 | D:1      | Reached skill level 1 in Fighting
   752 | D:1      | Reached XP level 3. HP: 4/31 MP: 4/4
   951 | D:2      | Slain by a leopard gecko

Illustrated notes

Levels and vault maps discovered:
D:1:      evilmike_arrival_crescent, layout_loops_ring,
          chequers_serial_rivers_micro_e
D:2:      minmay_angry_zag, layout_loops_ring, overflow_temple_1_default,
          nicolae_qazlal_style_of_elements

Skill      XL: |  1  2 |
---------------+-------+-----
Fighting       | 1 |  1.2
Maces & Flails | |  0.2
Crossbows      | |  2.9
Dodging        | |  2.7
Spellcasting   | |  1.1
Hexes          | |  2.7

Action                   || total
-------------------------++-------
Melee: Whip              ||    59
       Short sword       ||     1
 Fire: Hand crossbow     ||    40
Throw: Stone             ||     1
  Use: Scroll            ||     4
Armor: Robe              ||    13
       Ring mail         ||    18
Dodge: Dodged            ||    83
